 Dungeon Crawl Stone Soup version 0.28.0-47-ge53b351184 (webtiles) character file.

Game seed: 12094703952287648789

114 Exodus22XD the Covered (level 4, -1/41 HPs)
             Began as a Minotaur Fighter on May 8, 2022.
             Was a Follower of Ru.
             Slain by a gnoll
             ... wielding a +0 flail
              (8 damage)
             ... on level 2 of the Dungeon.
             The game lasted 00:02:45 (1424 turns).

Exodus22XD the Covered (Minotaur Fighter)           Turns: 1424, Time: 00:02:46

Health: -1/41      AC:  7    Str: 23    XL:     4   Next: 66%
Magic:  3/3        EV:  9    Int:  5    God:    Ru [*.....]
Gold:   87         SH:  4    Dex:  9    Spells: 3/3 levels left

rFire   . . .      SeeInvis .   a - +0 war axe
rCold   . . .      Faith    .   c - +0 buckler
rNeg    . . .      Spirit   .   b - +0 scale mail
rPois   .          Reflect  .   (helmet restricted)
rElec   .          Harm     .   (no cloak)
rCorr   .          Rampage  .   (no gloves)
Will    .....                   (no boots)
Stlth   ..........              (no amulet)
HPRegen 0.13/turn               (no ring)
MPRegen 0.08/turn               (no ring)

@: slowed, very slow
A: horns 2, inability to train dodging, retaliatory headbutt
a: Renounce Religion


You were on level 2 of the Dungeon.
You worshipped Ru.
Ru was aware of your devotion.
You visited 1 branch of the dungeon, and saw 2 of its levels.

You collected 87 gold pieces.

Inventory:

Hand Weapons
 a - a +0 war axe (weapon)
Armour
 b - a +0 scale mail (worn)
 c - a +0 buckler (worn)
Scrolls
 e - a scroll of immolation {unknown}
Potions
 d - a potion of might
 f - a potion of degeneration {unknown}
 g - a potion of flight {unknown}
 h - a potion of mutation {unknown}
 i - 2 potions of haste {unknown}
 j - 2 potions of curing {unknown}
 k - a potion of cancellation {unknown}


   Skills:
 + Level 4.4 Fighting
 + Level 3.8 Axes
 + Level 4.6 Armour
 + Level 4.3 Shields


You had 3 spell levels left.
You didn't know any spells.
Your spell library was empty.

Dungeon Overview and Level Annotations

Branches:
Dungeon (2/15)

Altars:
Ru

Annotations:
D:2 Natasha


Innate Abilities, Weirdness & Mutations

You have a pair of horns on your head.
You cannot train Dodging skill.
You reflexively headbutt those who attack you in melee.


Message History

Unknown command.
You slash the gnoll!
You kill the gnoll!
You hit the gnoll.
The gnoll is lightly wounded.
The gnoll hits you with a +0 flail.
* * * LOW HITPOINT WARNING * * *
Unknown command.
Okay, then.
Things that are here:
a +0 halberd; a +0 rapier You see here a bat corpse.
A kobold comes into view. It is wielding a +0 dagger.
You block the gnoll's attack.
Natasha, Servant of Life and Death comes into view.
Natasha growls.
Natasha claws you.
Natasha stares at you and mumbles some strange words.
You feel yourself slow down.
Natasha casts a spell.
You closely miss Natasha. Natasha claws you. You block the gnoll's attack.
Natasha barely misses you.
You barely miss Natasha. You hit the gnoll. The white imp gestures at you.
The puff of frost misses you. The gnoll hits you with a +0 flail.
* * * LOW HITPOINT WARNING * * *
Natasha mewls in sadness.
Natasha casts a spell.
The gnoll closely misses you. Natasha barely misses you.
The white imp closely misses you. The gnoll barely misses you.
You closely miss Natasha. You hit the gnoll. You closely miss the white imp.
Natasha claws you.
* * * LOW HITPOINT WARNING * * *
The white imp gestures at you. You block the puff of frost.
The gnoll hits you with a +0 flail.
* * * LOW HITPOINT WARNING * * *
You redirect Natasha's attack!
Natasha misses you. You block the white imp's attack.
The gnoll hits you with a +0 flail!
You die...

...........†.......
################### #
.# # .# # .# #
######.# # ###......#
# ####..55g..# #
##......@hK.#
#########....#####..##
.†......#...# ##..#
.....†......# #..#
#######.##..# #..#
#.##..# #..# #.##..##
##..# #.##...##+##..##
#.##.#........#


You could see Natasha, a gnoll, a white imp (summoned), a shadow imp (summoned)
and a kobold.

Vanquished Creatures
  Natasha (D:2)
  3 gnolls (D:2)
  3 adders (D:2)
  4 endoplasms
  A giant cockroach (D:1)
  4 hobgoblins (D:1)
  2 jackals (D:2)
  4 quokkas (D:1)
  4 ball pythons
  4 bats
  2 frilled lizards
  A goblin (D:1)
  A kobold (D:1)
  2 rats (D:1)
36 creatures vanquished.

Notes
Turn   | Place    | Note
-------+----------+-------------------------------------------
     0 | D:1      | Exodus22XD the Minotaur Fighter began the quest for the
                  | Orb.
     0 | D:1      | Reached XP level 1. HP: 19/19 MP: 0/0
    74 | D:1      | Reached XP level 2. HP: 18/27 MP: 1/1
   188 | D:1      | You fall into a shaft and drop 1 floor!
   536 | D:1      | Reached XP level 3. HP: 27/33 MP: 2/2
   908 | D:1      | Found a faded altar of an unknown god.
   914 | D:1      | Prayed at the altar of an unknown god.
   914 | D:1      | Became a worshipper of Ru the Awakened
   935 | D:1      | Gained mutation: You cannot train Dodging skill. [Ru
                  | sacrifice]
   935 | D:1      | Reached * piety under Ru
  1163 | D:2      | Noticed Natasha
  1170 | D:2      | Killed Natasha
  1171 | D:2      | Reached XP level 4. HP: 32/41 MP: 3/3
  1417 | D:2      | Noticed Natasha
  1424 | D:2      | Slain by a gnoll

Illustrated notes

Levels and vault maps discovered:
D:1:      mushboom_english_gardens, layout_rooms,
          chequers_ecumenical_altar_grove, st_stairs_1
D:2:      layout_loops_ring, kennysheep_jessica_study, uniq_natasha

Skill      XL: |  1  2  3 |
---------------+----------+-----
Fighting       | 4 |  4.4
Shields        | 4 |  4.3
Armour         | 4 |  4.6
Axes           | 3 |  3.8

Action                   |  1- 3 |  4- 6 || total
-------------------------+-------+-------++-------
Melee: War axe           |    75 |    14 ||    89
       Headbutt          |     3 |     3 ||     6
Invok: Sacrifice Nimblen |     1 |       ||     1
Armor: Scale mail        |    32 |       ||    32
Dodge: Dodged            |    36 |    12 ||    48
Block: Buckler           |    24 |     5 ||    29
